 Dungeon Crawl Stone Soup version 0.25.1-2-g60ff931df9 (webtiles) character file.

Game seed: 12673842772937303231

9767 Drachen the Carver (level 11, 0/86 HPs)
             Began as a Demigod Gladiator on Oct 27, 2020.
             Engulfed by a cloud of freezing vapour (31 damage)
             ... in an ice cave.
             The game lasted 00:36:12 (15270 turns).

Drachen the Carver (Demigod Gladiator)             Turns: 15270, Time: 00:36:13

Health: 0/86       AC: 15    Str: 20 (21) XL:     11   Next: 6%
Magic:  16/16      EV: 15    Int: 11 (12) God:
Gold:   138        SH:  0    Dex: 21      Spells: 10/10 levels left

rFire    + . .     SeeInvis +   m - +0 scimitar (flame)
rCold    x . .     Gourm    .   (no shield)
rNeg     + . .     Faith    .   w - +0 scale mail
rPois    .         Spirit   .   U - +2 helmet {SInv}
rElec    .         Reflect  .   K - +0 cloak
rCorr    .         Harm     .   F - +0 pair of gloves
MR       +....                  (no boots)
Stlth    +.........             p - amulet of magic regeneration
HPRegen  0.24/turn              l - ring of positive energy
MPRegen  0.40/turn              S - ring of fire

@: no status effects
A: slimy green scales 1, agile 1, deterioration 1, high mp 1
a: no special abilities


You were in an ice cave.
You were not hungry.

You visited 1 branch of the dungeon, and saw 11 of its levels.
You also visited: Ice Cave.

You collected 601 gold pieces.
You spent 463 gold pieces at shops.

Inventory:

Hand Weapons
 k - a +2 antimagic dagger
 m - a +0 scimitar of flaming (weapon)
 y - a +0 dagger of draining
 L - a +2 dagger of venom
Missiles
 b - 11 poisoned darts (quivered)
 d - 3 throwing nets
 r - 4 atropa-tipped darts
 R - 5 boomerangs
Armour
 c - a +0 robe
 w - a +0 scale mail (worn)
 F - a +0 pair of gloves (worn)
 K - a +0 cloak (worn)
 U - a +2 helmet of see invisible (worn)
Jewellery
 l - a ring of positive energy (left hand)
 p - an amulet of magic regeneration (around neck)
 S - a ring of fire (right hand)
Wands
 G - a wand of iceblast (4)
 I - a wand of acid (7)
 P - a wand of random effects (21)
 Q - a wand of digging (8)
Scrolls
 i - a scroll of immolation
 j - 4 scrolls of remove curse
 n - 2 scrolls of fog
 q - 2 scrolls of teleportation
 t - a scroll of amnesia {unknown}
 v - a scroll of enchant weapon
 x - 2 scrolls of blinking
 D - 3 scrolls of enchant armour
 M - a scroll of fear {unknown}
Potions
 e - 2 potions of curing
 g - 4 potions of flight
 h - a potion of ambrosia
 o - 2 potions of berserk rage
 s - a potion of haste
 z - 4 potions of might
 B - 3 potions of magic
 C - a potion of resistance
 H - a potion of heal wounds
 O - a potion of cancellation
Miscellaneous
 N - a lightning rod (2/4)
Comestibles
 a - a chunk of flesh
 f - 18 rations


   Skills:
 - Level 5.0 Fighting
 + Level 12.1 Long Blades
 - Level 4.0 Throwing
 - Level 5.0 Armour
 + Level 7.3 Dodging
 - Level 2.0 Stealth
 + Level 2.5 Evocations


You had 10 spell levels left.
You didn't know any spells.
Your spell library contained the following spells:

 Spells                   Type           Power        Failure   Level  Hunger
 Sting                    Tmut/Pois      #...         67%         1    ##.....
 Poisonous Vapours        Pois/Air       #.....       82%         2    ###....
 Ignite Poison            Fire/Tmut/Pois #.......     96%         3    ####...
 Mephitic Cloud           Conj/Pois/Air  #.......     96%         3    ####...
 Olgreb's Toxic Radiance  Pois           #.......     100%        4    #####..


Dungeon Overview and Level Annotations

Branches:
Dungeon (11/15)            Temple (0/1) D:5            Lair (0/6) D:8
    Orc (0/2) D:9           IceCv (1/1)

Shops:
D:7 *[}?   D:9 *


Innate Abilities, Weirdness & Mutations

You have an increased reservoir of magic. (+10% MP)
You are partially covered in slimy green scales. (AC +2)
You are agile. (Dex +2)
Your body sometimes deteriorates upon taking damage.


Message History

You start resting.
All of the chunks of flesh in your inventory have rotted away.
HP restored.
You butcher the polar bear corpse.
a - a chunk of flesh You see here a polar bear skeleton. x2
b - 7 poisoned darts (gained 1)
You see here a wolf skeleton.
b - 9 poisoned darts (gained 2)
b - 10 poisoned darts (gained 1)
Found a yak skeleton.
b - 11 poisoned darts (gained 1)
Found a polar bear skeleton.
You are engulfed in freezing vapours.
Found a yak skeleton.
Unknown command.
You start resting.
You are engulfed in freezing vapours.
Your body deteriorates!
You feel weakened.
You are engulfed in freezing vapours.
You die...

## #○## ##°☼☼##
### ##○°≈☼°#
####.###°○#○#☼☼.#
###.....@°.## ☼#
. ##..∩.....### #
#.∩÷..÷#.##
#.÷####### ####


There were no monsters in sight!

Vanquished Creatures
  Erica (D:11)
  2 two-headed ogres
  A centaur zombie (D:8)
  A troll (D:10)
  A polar bear (IceCv)
  Prince Ribbit (D:6)
  6 hippogriffs
  8 yaks
  A hungry ghost (D:11)
  2 steam dragons
  A soldier ant (D:11)
  An acid dragon (D:10)
  A water moccasin (D:5)
  2 sky beasts (D:8)
  4 orc warriors
  4 ogres
  2 necrophages
  A black bear (D:11)
  4 centaurs
  2 wolves (IceCv)
  A big kobold (D:6)
  11 bullfrogs
  A water moccasin zombie (D:7)
  2 scorpions (D:8)
  8 killer bees
  A crimson imp (D:5)
  A quasit (D:8)
  3 bullfrog zombies
  6 hounds
  2 jellies
  5 orc priests
  A bullfrog skeleton (D:7)
  5 orc wizards
  A centaur skeleton (D:8)
  4 iguanas
  8 worker ants
  A killer bee zombie (D:6)
  A howler monkey skeleton (D:8)
  7 gnolls
  12 adders
  6 shadow imps
  10 white imps (D:11)
  2 oozes (D:4)
  2 adder skeletons
  An adder zombie (D:6)
  4 worms
  4 dart slugs
  4 leopard geckos
  25 orcs
  11 giant cockroaches
  7 goblins
  4 hobgoblins
  12 jackals
  5 quokkas
  A ball python (D:1)
  7 bats
  5 frilled lizards
  A jackal skeleton (D:8)
  A jackal zombie (D:5)
  13 kobolds
  6 rats
  2 plants (D:6)
260 creatures vanquished.

Vanquished Creatures (others)
  A polar bear (IceCv)
  2 yaks (IceCv)
  2 wolves (IceCv)
  A white imp (D:11)
6 creatures vanquished.

Grand Total: 266 creatures vanquished

Notes
Turn   | Place    | Note
-------+----------+-------------------------------------------
     0 | D:1      | Drachen the Demigod Gladiator began the quest for the Orb.
     0 | D:1      | Reached XP level 1. HP: 17/17 MP: 3/3
   309 | D:1      | Reached XP level 2. HP: 24/24 MP: 4/4
   973 | D:2      | Reached skill level 3 in Long Blades
   977 | D:2      | Reached skill level 1 in Armour
  1163 | D:2      | Reached XP level 3. HP: 29/29 MP: 5/5
  2167 | D:3      | Reached XP level 4. HP: 36/36 MP: 6/6
  2485 | D:3      | Found a shattered altar of Ashenzari.
  2489 | D:3      | Found a sparkling altar of Nemelex Xobeh.
  2489 | D:3      | Found an opulent altar of Gozag.
  2497 | D:3      | Found a shimmering blue altar of Sif Muna.
  2500 | D:3      | Found a burning altar of Makhleb.
  3330 | D:4      | Reached skill level 1 in Stealth
  3409 | D:4      | Found a snail-covered altar of Cheibriados.
  3464 | D:4      | Reached XP level 5. HP: 36/41 MP: 7/7
  3985 | D:4      | Noticed an ogre
  3994 | D:4      | Killed an ogre
  3994 | D:4      | Reached XP level 6. HP: 48/48 MP: 8/8
  4025 | D:4      | Reached skill level 4 in Long Blades
  4385 | D:5      | Entered Level 5 of the Dungeon
  4395 | D:5      | Noticed a water moccasin
  4405 | D:5      | Killed a water moccasin
  4730 | D:5      | Found a staircase to the Ecumenical Temple.
  5462 | D:5      | Found a hazy altar of Hepliaklqana.
  5462 | D:5      | Found an ornate altar of the Wu Jian Council.
  5584 | D:6      | Reached XP level 7. HP: 24/55 MP: 9/9
  6128 | D:6      | Noticed Prince Ribbit
  6159 | D:6      | Killed Prince Ribbit
  6159 | D:6      | Reached skill level 5 in Long Blades
  6159 | D:6      | Reached skill level 5 in Dodging
  6422 | D:6      | Reached skill level 6 in Long Blades
  6561 | D:6      | Reached XP level 8. HP: 52/61 MP: 10/10
  7837 | D:7      | Found a bloodstained altar of Trog.
  7864 | D:7      | Found Zigh's Magic Scroll Boutique.
  7869 | D:7      | Bought a scroll of blinking for 97 gold pieces
  7899 | D:7      | Noticed a hippogriff
  7909 | D:7      | Killed a hippogriff
  7909 | D:7      | Reached skill level 7 in Long Blades
  8120 | D:7      | Found Zixkothra's Gadget Shoppe.
  8216 | D:7      | Found Uheneoku's Armour Emporium.
  8267 | D:7      | Found a glowing silver altar of Zin.
  8267 | D:7      | Noticed an angel
  8268 | D:7      | Found a shimmering altar of Xom.
  8390 | D:7      | Found Loel Xui's General Store.
  8422 | D:7      | Bought a potion of heal wounds for 55 gold pieces
  8477 | D:7      | Reached skill level 8 in Long Blades
  8969 | D:7      | Found a blossoming altar of Fedhas.
  9169 | D:8      | Reached skill level 9 in Long Blades
  9208 | D:8      | Found a staircase to the Lair.
  9538 | D:8      | Found a stormy altar of Qazlal.
  9647 | D:8      | Found a glowing golden altar of the Shining One.
  9651 | D:8      | Reached XP level 9. HP: 64/66 MP: 11/11
  9905 | D:8      | Reached skill level 10 in Long Blades
  9916 | D:8      | Noticed a two-headed ogre
  9945 | D:8      | Killed a two-headed ogre
 10230 | D:8      | Reached skill level 11 in Long Blades
 10838 | D:9      | Found Ceaxkufo's General Store.
 11470 | D:9      | Bought a potion of berserk rage for 75 gold pieces
 11498 | D:9      | Reached XP level 10. HP: 63/77 MP: 13/13
 11591 | D:9      | Found a sacrificial altar of Ru.
 12256 | D:9      | Found a staircase to the Orcish Mines.
 12603 | D:10     | Entered Level 10 of the Dungeon
 12662 | D:10     | Noticed a two-headed ogre
 12681 | D:10     | Killed a two-headed ogre
 13509 | D:10     | Reached skill level 5 in Armour
 14436 | D:7      | Bought a +2 helmet of see invisible for 236 gold pieces
 14589 | D:8      | Gained mutation: You are partially covered in slimy green
                  | scales. (AC +2) [potion of mutation]
 14589 | D:8      | Gained mutation: Your body sometimes deteriorates upon
                  | taking damage. [potion of mutation]
 14589 | D:8      | Gained mutation: You are agile. (Dex +2) [potion of
                  | mutation]
 14689 | D:11     | Reached skill level 5 in Fighting
 14737 | D:11     | Found a frozen archway.
 14754 | D:11     | Reached skill level 1 in Evocations
 14761 | D:11     | Noticed Erica
 14778 | D:11     | Killed Erica
 14778 | D:11     | Reached skill level 12 in Long Blades
 14864 | D:11     | Reached XP level 11. HP: 36/86 MP: 15/15
 14967 | IceCv    | Entered an ice cave
 15270 | IceCv    | Engulfed by a cloud of freezing vapour

Illustrated notes

Levels and vault maps discovered:
D:1:      shiori_arrival_elements, layout_basic, minmay_misc_feat_enclosed
D:2:      layout_loops_ring, minmay_split_cup_large
D:3:      layout_basic, minmay_overflow_temple_star_hex
D:4:      layout_loops_ring, lemuel_crystal_altar, first_ration, minmay_circle_x
D:5:      layout_basic, gammafunk_temple_overflow_elements,
          minmay_temple_entry_junction
D:6:      layout_layer_cave, lexackson_kobold_supper, uniq_prince_ribbit1
D:7:      layout_basic, grunt_temple_overflow_order_and_chaos_1, fedhas_altar_1,
          serial_shops, shop, shop_statue, nicolae_shop_crystal,
          kennysheep_mini_moat, bloody_trog
D:8:      layout_basic, nicolae_overflow_hidden_temple, dpeg_oklobed_lair,
          basic_altar
D:9:      layout_rooms, lemuel_round_altar, david_orc_3, serial_shops,
          nicolae_shop_crystal
D:10:     minmay_opposing_rooms, layout_loops_ring
D:11:     layout_small_grid, portal_ice_cave_entry_imps, uniq_nergalle,
          uniq_erica
IceCv:    ice_cave_caverns_02

Skill      XL: |  1  2  3  4  5  6  7  8  9 10 |
---------------+-------------------------------+-----
Fighting       | 2 3 5 |  5.0
Throwing       | 2 3 4 |  4.0
Dodging        | 3 4 5 7 |  7.3
Long Blades    | 3 4 6 9 11 12 | 12.1
Armour         | 1 2 3 5 |  5.0
Stealth        | 1 2 |  2.0
Evocations     | 2 |  2.5

Action                   |  1- 3 |  4- 6 |  7- 9 | 10-12 || total
-------------------------+-------+-------+-------+-------++-------
Melee: Long sword        |   119 |   221 |   377 |   268 ||   985
       Dagger            |       |       |    35 |    14 ||    49
       Scimitar          |       |       |       |    48 ||    48
Throw: Stone             |     8 |    54 |    24 |       ||    86
       Javelin           |       |     3 |     5 |     6 ||    14
       Dart              |       |     6 |    33 |    51 ||    90
       Throwing net      |       |       |     3 |       ||     3
       Boomerang         |       |       |       |    13 ||    13
Evoke: Wand              |       |       |       |     5 ||     5
       Lightning rod     |       |       |       |     2 ||     2
  Use: Scroll            |       |     4 |     2 |    12 ||    18
       Potion            |       |       |     4 |     3 ||     7
 Stab: Sleeping          |     1 |       |       |       ||     1
       Invisible         |       |     1 |     1 |       ||     2
  Eat: Chunk             |     4 |    11 |    16 |    10 ||    41
       Ration            |       |       |     1 |     1 ||     2
Armor: Leather armour    |    28 |       |       |       ||    28
       Ring mail         |     2 |     3 |       |       ||     5
       Scale mail        |       |    82 |   163 |   103 ||   348
Dodge: Dodged            |   126 |   174 |   310 |   218 ||   828
       Rpst.: Long sword |    41 |    59 |    91 |    49 ||   240
       Scimitar          |       |       |       |     7 ||     7
